 Dungeon Crawl Stone Soup version 0.22.1-1-ga44c0e56f4 (webtiles) character file.

4879 Gunterle the Magician (level 10, 0/77 HPs)
             Began as a Mummy Skald on Oct 4, 2018.
             Was an Initiate of Gozag.
             Slain by a cyan ugly thing (12 damage)
             ... on level 9 of the Dungeon.
             The game lasted 01:13:17 (13059 turns).

Gunterle the Magician (Mummy Skald)                Turns: 13059, Time: 01:13:19

Health: 0/77       AC:  4    Str: 15    XL:     10   Next: 26%
Magic:  12/21      EV: 14    Int: 15    God:    Gozag
Gold:   2058       SH:  0    Dex: 12    Spells: 16/24 levels left

rFire    + . .     SeeInvis .   e - +1 short sword (venom)
rCold    + . .     Gourm    .   (no shield)
rNeg     + + +     Faith    .   D - +2 robe {MR+}
rPois    ∞         Spirit   .   (no helmet)
rElec    .         Reflect  .   f - scarf {rC+ rF+}
rCorr    .         Harm     .   (no gloves)
MR       +++..                  (no boots)
Stlth    +.........             B - amulet of regeneration
HPRegen  0.62/turn              i - ring of protection from magic
MPRegen  0.17/turn              E - ring of fire

@: shrouded, infused
A: no food or potions, fire vulnerability, cold resistance 1, negative energy
resistance 3, torment resistance, unbreathing
a: Potion Petition, Call Merchant, Bribe Branch, Renounce Religion


You were on level 9 of the Dungeon.
You worshipped Gozag.
Gozag was most pleased with you.
You were not hungry.

You visited 2 branches of the dungeon, and saw 10 of its levels.
You also visited: Sewer.

You collected 2082 gold pieces.
You paid 24 gold pieces to Gozag.

Inventory:

Hand Weapons
 a - a +1 short sword of freezing
 e - a +1 short sword of venom (weapon)
 r - a +4 short sword
 w - a +0 blowgun
 x - a +0 long sword
 y - the +1 hand axe "Uloghas" {flame, rN+ Int-4 Dex+3 Stlth+}
   (You found it on level 4 of the Dungeon)

   It has been specially enchanted to burn those struck by it, causing extra
   injury to most foes and up to half again as much damage against particularly
   susceptible opponents.
   Big, fiery blades are also staple armaments of hydra-hunters.
   It affects your intelligence (-4).
   It affects your dexterity (+3).
   It protects you from negative energy.
   It makes you more stealthy.
 C - a +0 shortbow
 H - the +7 halberd "Anoem" {venom, MR+, unknown}
   (You found it on level 8 of the Dungeon)

   It poisons the flesh of those it strikes.
   It affects your resistance to hostile enchantments.
 K - a +1 trident of flaming
Missiles
 g - 143 sling bullets
 h - 276 stones (quivered)
 j - 112 arrows
 o - 88 bolts
 v - 65 poisoned needles
 M - a curare-tipped needle
Armour
 f - a scarf of resistance (worn)
 m - a +1 cloak
 D - a +2 robe of magic resistance (worn)
Magical Staves
 I - an uncursed staff of fire
Jewellery
 b - an uncursed amulet of the gourmand
 i - a ring of protection from magic (left hand)
 z - an uncursed amulet of the acrobat
 B - an amulet of regeneration (around neck)
 E - a ring of fire (right hand)
 F - an uncursed ring of protection from cold
Wands
 d - a wand of enslavement (19)
 p - a wand of flame (30)
 s - a wand of random effects (27)
 J - a wand of iceblast (9)
 L - a wand of clouds (5)
Scrolls
 c - 3 scrolls of fog
 k - 4 scrolls of remove curse
 l - 2 scrolls of teleportation
 n - 2 scrolls of amnesia
 q - a scroll of enchant armour {unknown}
 t - a scroll of immolation {unknown}
 u - a scroll of random uselessness
 A - a scroll of fear {unknown}
 G - 3 scrolls of identify


   Skills:
 + Level 6.4 Fighting
 + Level 5.4 Long Blades
 - Level 4.5 Armour
 + Level 5.4 Dodging
 + Level 7.8 Spellcasting
 + Level 2.2 Hexes
 + Level 5.7 Charms


You had 16 spell levels left.
You knew the following spells:

 Your Spells              Type           Power        Failure   Level  Hunger
a - Infusion              Chrm           ###.         1%          1    N/A
b - Shroud of Golubria    Chrm/Tloc      ##........   6%          2    N/A
c - Spectral Weapon       Hex/Chrm       ###.....     7%          3    N/A
d - Song of Slaying       Chrm           ###.....     1%          2    N/A

Your spell library contained the following spells:

 Spells                   Type           Power        Failure   Level  Hunger
 Corona                   Hex            ##.....      4%          1    N/A
 Slow                     Hex            ##......     7%          2    N/A
 Poisonous Vapours        Pois/Air       #.....       19%         2    N/A
 Sticks to Snakes         Tmut           #.......     19%         2    N/A
 Inner Flame              Hex/Fire       ##......     22%         3    N/A
 Portal Projectile        Hex/Tloc       #.....       22%         3    N/A
 Conjure Flame            Conj/Fire      #.......     36%         3    N/A
 Mephitic Cloud           Conj/Pois/Air  #.......     36%         3    N/A
 Cause Fear               Hex            ##........   43%         4    N/A
 Leda's Liquefaction      Hex/Erth       #.........   58%         4    N/A
 Freezing Cloud           Conj/Ice/Air   #.........   100%        6    N/A
 Ring of Flames           Chrm/Fire      ###.......   100%        7    N/A
 Beastly Appendage        Tmut           Unusable     N/A         1    N/A
 Regeneration             Chrm/Necr      Unusable     N/A         3    N/A
 Spider Form              Tmut/Pois      Unusable     N/A         3    N/A
 Ice Form                 Ice/Tmut       Unusable     N/A         4    N/A
 Blade Hands              Tmut           Unusable     N/A         5    N/A

Dungeon Overview and Level Annotations

Branches:
Dungeon (9/15)             Temple (1/1) D:4
   Lair: D:8-11         Orc: D:9-12

Altars:
Ashenzari
Cheibriados
Dithmenos
Elyvilon
Fedhas
Gozag
Hepliaklqana
Kikubaaqudgha
Makhleb
Nemelex Xobeh
Okawaru
Qazlal
Ru
Sif Muna
Trog
Uskayaw
Vehumet
Wu Jian
Xom
Yredelemnul
Zin
The Shining One
Beogh


Innate Abilities, Weirdness & Mutations

You do not eat or drink.
Your flesh is vulnerable to fire.
You are immune to poison.
Your flesh is cold resistant. (rC+)
You are immune to negative energy. (rN+++)
You are immune to unholy pain and torment.
You can survive without breathing.


Message History

Your spectral weapon shares its damage with you!
* * * LOW HITPOINT WARNING * * *
The cyan ugly thing tentacle-slaps your spectral weapon.
Your spectral weapon shares its damage with you!
The cyan ugly thing shocks your spectral weapon.
Your spectral weapon resists.
Your spectral weapon shares its damage with you!
Your spectral weapon fades away.
* * * LOW HITPOINT WARNING * * *
Casting: Spectral Weapon (safe; 7% risk of failure)
Confirm with . or Enter, or press ? or * to list all spells.
Space distorts slightly along a thin shroud covering your body.
You hit the cyan ugly thing.
The cyan ugly thing looks as sick as possible!
The cyan ugly thing is heavily wounded.
The cyan ugly thing tentacle-slaps you.
* * * LOW HITPOINT WARNING * * *
The cyan ugly thing shocks you!
You die...
Your body crumbles into a pile of gold.

########## .........# .........#
#########
######...########.......#
...............##.#####.#########
####>##..#.##..##.# #.......... #
#.##......#....# #..#....... #
#.###.#.##..##.# #.##.######
####.# #..#....u@.#####....#
.....# #.##....##.......##.#
####.# #..#....###########.#
####.###.#.....# #.#
#..>...........# #.#
...............# #.#
##.............# #.#
##.#.###..#...## #.#
...#..........# #.######


You could see a cyan ugly thing.

Vanquished Creatures
  Pikel (D:8)
  A spriggan (D:7)
  5 yaks
  2 water moccasins
  A sky beast (D:6)
  4 slaves (D:8)
  2 orc warriors
  A black bear (D:9)
  2 ice beasts
  A phantom (D:4)
  2 necrophages
  5 ogres
  A centaur (D:6)
  Blork the orc (D:6)
  A big kobold (D:7)
  2 bullfrogs
  A gnoll sergeant (D:7)
  A scorpion (D:8)
  2 howler monkeys
  3 crimson imps
  A quasit (D:6)
  8 orc wizards
  2 bullfrog zombies (D:5)
  3 jellies
  6 orc priests
  5 hounds
  2 iguanas (D:7)
  2 bullfrog skeletons
  5 worker ants
  3 hound zombies (D:7)
  A hound skeleton (D:4)
  2 howler monkey zombies
  9 gnolls
  A howler monkey skeleton (D:5)
  16 adders
  3 shadow imps
  3 adder skeletons (D:4)
  2 worms (D:3)
  2 dart slugs (D:1)
  8 leopard geckos
  20 orcs
  5 ball pythons
  3 bats
  2 bat zombies (D:5)
  8 giant cockroaches
  5 hobgoblins
  14 jackals
  21 kobolds
  3 quokkas
  7 frilled lizards
  6 goblins
  8 rats
  A rat zombie (D:5)
  3 plants (Sewer)
229 creatures vanquished.

Vanquished Creatures (others)
  3 spectral weapons
3 creatures vanquished.

Grand Total: 232 creatures vanquished

Notes
Turn   | Place    | Note
-------+----------+-------------------------------------------
     0 | D:1      | Gunterle the Mummy Skald began the quest for the Orb.
     0 | D:1      | Reached XP level 1. HP: 16/16 MP: 4/4
   104 | D:1      | Reached skill level 1 in Armour
   209 | D:1      | Reached XP level 2. HP: 9/22 MP: 5/5
   463 | D:1      | Reached skill level 3 in Spellcasting
  1179 | D:1      | Reached XP level 3. HP: 25/27 MP: 7/7
  1397 | D:2      | Found an opulent altar of Gozag.
  1405 | D:2      | Found a white marble altar of Elyvilon.
  1412 | D:2      | Became a worshipper of Gozag Ym Sagoz the Greedy
  1728 | D:1      | HP: 1/28 [gnoll/spear (6)]
  2169 | D:2      | Reached XP level 4. HP: 34/34 MP: 4/8
  2563 | D:2      | Learned a level 2 spell: Shroud of Golubria
  2567 | D:2      | Learned a level 3 spell: Spectral Weapon
  2570 | D:2      | Learned a level 2 spell: Song of Slaying
  3465 | D:3      | Reached XP level 5. HP: 40/40 MP: 10/10
  4073 | D:4      | Found a glowing drain.
  4077 | Sewer    | Entered a sewer
  5053 | D:4      | Reached skill level 4 in Spellcasting
  5053 | D:4      | Reached XP level 6. HP: 35/47 MP: 5/12
  5131 | D:4      | Got a polished hand axe
  5139 | D:4      | Identified the cursed +1 hand axe "Uloghas" {flame, rN+
                  | Int-4 Dex+3 Stlth+} (You found it on level 4 of the
                  | Dungeon)
  5509 | D:4      | Found a staircase to the Ecumenical Temple.
  6016 | D:3      | Reached XP level 7. HP: 35/52 MP: 5/13
  6424 | Temple   | Entered the Ecumenical Temple
  6757 | D:5      | Entered Level 5 of the Dungeon
  7136 | D:5      | Found a glowing golden altar of the Shining One.
  7428 | D:5      | Found an ancient bone altar of Kikubaaqudgha.
  7541 | D:6      | Noticed Blork the orc
  7554 | D:6      | Killed Blork the orc
  7554 | D:6      | Reached skill level 5 in Spellcasting
  7695 | D:6      | Reached XP level 8. HP: 36/60 MP: 15/15
  8917 | D:7      | Reached skill level 6 in Spellcasting
  9067 | D:7      | Reached skill level 5 in Fighting
  9173 | D:7      | Reached XP level 9. HP: 58/68 MP: 4/18
  9284 | D:7      | Found a hide-covered altar of Uskayaw.
  9824 | D:7      | HP: 3/68 [spriggan baker/dagger (7)]
  9950 | D:7      | Found a shadowy altar of Dithmenos.
 10600 | D:8      | Reached skill level 5 in Charms
 10719 | D:8      | Noticed Pikel
 10738 | D:8      | Killed Pikel
 10738 | D:8      | Reached skill level 7 in Spellcasting
 11017 | D:8      | Found a roughly hewn altar of Beogh.
 11135 | D:8      | Got a crude halberd
 11453 | D:8      | Reached skill level 5 in Long Blades
 11490 | D:9      | Reached skill level 5 in Dodging
 11490 | D:9      | Reached skill level 1 in Hexes
 11534 | D:9      | Found a shadowy altar of Dithmenos.
 11542 | D:9      | Found a sparkling altar of Nemelex Xobeh.
 11544 | D:9      | Found a hazy altar of Hepliaklqana.
 11544 | D:9      | Found an ornate altar of the Wu Jian Council.
 11544 | D:9      | Found a snail-covered altar of Cheibriados.
 11818 | D:7      | Reached XP level 10. HP: 34/76 MP: 10/21
 12313 | D:9      | Noticed a cyan ugly thing
 13059 | D:9      | Slain by a cyan ugly thing

Skill      XL: |  1  2  3  4  5  6  7  8  9 10 |
---------------+-------------------------------+-----
Armour         | 1 2 3 4 |  4.5
Spellcasting   | 3 4 5 6 7 |  7.8
Dodging        | 2 3 4 5 |  5.4
Long Blades    | 2 3 4 5 |  5.4
Charms         | 3 4 5 |  5.7
Fighting       | 3 4 5 6 |  6.4
Hexes          | 1 2 |  2.2

Action                   |  1- 3 |  4- 6 |  7- 9 | 10-12 || total
-------------------------+-------+-------+-------+-------++-------
Melee: Falchion          |   108 |    87 |       |       ||   195
       Short sword       |       |   206 |   486 |    91 ||   783
       Hand axe          |       |     8 |       |       ||     8
 Fire: Blowgun           |       |     6 |    31 |     4 ||    41
 Cast: Infusion          |    15 |    26 |    57 |    10 ||   108
       Shroud of Golubri |       |     2 |    14 |     9 ||    25
       Spectral Weapon   |       |       |     9 |     7 ||    16
Evoke: Wand              |       |       |       |     6 ||     6
  Use: Scroll            |     1 |     5 |     7 |     3 ||    16
 Stab: Distracted        |       |     1 |       |       ||     1
Armor: Leather armour    |    22 |    58 |    63 |       ||   143
       Robe              |       |       |    21 |    14 ||    35
Dodge: Dodged            |    82 |   148 |   353 |    46 ||   629
       Rpst.: Falchion   |    16 |    16 |       |       ||    32
